 Seeded DCSS version 0.31-a0-496-g6f97920a28 (webtiles) character file.

Game seed: 7415222406553760909 (custom seed)

5 innerfire43 the Trooper (level 1, 0/18 HPs)
             Began as a Demonspawn Monk on Aug 8, 2023.
             Slain by a quokka (4 damage)
             ... on level 1 of the Dungeon.
             The game lasted 00:00:20 (83 turns).

innerfire43 the Trooper (Demonspawn Monk)             Turns: 83, Time: 00:00:21

Health: 0/18       AC:  2    Str: 11    XL:     1   Next: 66%
Magic:  1/1        EV: 13    Int: 11    God:
Gold:   17         SH:  0    Dex: 15    Spells: 0/0 levels left

rFire   . .          .
                       - Unarmed
rCold   . . .        c - orb {light}
rNeg    . . .        a - +0 robe
rPois   .            (no helmet)
rElec   .            (no cloak)
rCorr   .            (no gloves)
SInv    .            (no boots)
Will    .....        (no amulet)
Stlth   +            (no ring)
HPRegen 0.23/turn    (no ring)
MPRegen 0.07/turn

%: no passive effects
@: glowing
A: no striking features
a: no special abilities


You were on level 1 of the Dungeon.
You visited 1 branch of the dungeon, and saw 1 of its levels.

You collected 17 gold pieces.

Inventory:

Armour
 a - a +0 robe (worn)
 c - an orb of light (worn)
Jewellery
 d - a ring of wizardry
Potions
 b - a potion of ambrosia
 e - a potion of curing {unknown}


   Skills:
 - Level 3.0 Fighting
 + Level 2.7 Dodging
 * Level 2.8 Unarmed Combat
 * Level 0.3 Shapeshifting


You couldn't memorise any spells.
You didn't know any spells.
Your spell library was empty.

Dungeon Overview and Level Annotations

Branches:
Dungeon (1/15)

Altars:


Message History

The quokka closely misses you.
A giant cockroach comes into view.
The quokka attacks as you move away! The quokka barely misses you.
The bat hits you but does no damage.
You barely miss the bat. The bat hits you but does no damage.
The bat misses you.
The jackal bites you but does no damage.
The quokka barely misses you. The jackal closely misses you.
You hit the bat.
The bat is moderately wounded.
The bat misses you. The jackal bites you. The quokka closely misses you.
You hit the bat but do no damage.
The bat is moderately wounded.
The bat barely misses you. The bat hits you. The jackal bites you.
The quokka bites you.
You barely miss the bat.
The bat is moderately wounded.
The bat hits you but does no damage. The jackal closely misses you.
The quokka barely misses you. The bat hits you.
The jackal bites you but does no damage.
Unknown command.
You barely miss the bat.
The bat is moderately wounded.
The bat closely misses you. The quokka closely misses you.
A giant cockroach comes into view.
The jackal barely misses you.
Okay, then.
You hit the jackal.
The jackal is severely wounded.
The quokka bites you.
* * * LOW HITPOINT WARNING * * *
The bat completely misses you. The jackal barely misses you.
The quokka barely misses you.
You hit the jackal.
You kill the jackal!
The bat hits you but does no damage. The quokka completely misses you.
You closely miss the jackal. The jackal bites you.
* * * LOW HITPOINT WARNING * * *
The quokka bites you.
You die...

# ~~## ...# .###.####
.... #####.##..
..#.####.#<#.##.
......#..###.###
##.##..#.....##.#. ##
#b. ###.#....#.#. ...
#.# ##.....#..... ....
#@####...#........
)....##hrh.........#....
...g...g.......#####....
#....#B..........# #....
B.............)...###.##
.........####..#..##...
......>.## #..######.#
.....>..# #..# ..
........# #.## #


You could see a quokka, 2 jackals, a giant cockroach, a hobgoblin and a bat.

Vanquished Creatures
  A bat (D:1)
  A goblin (D:1)
  A jackal (D:1)
  A ball python (D:1)
  A rat (D:1)
5 creatures vanquished.

Notes
Turn   | Place    | Note
-------+----------+-------------------------------------------
     0 | D:1      | innerfire43 the Demonspawn Monk began the quest for the
                  | Orb.
     0 | D:1      | Reached XP level 1. HP: 18/18 MP: 1/1
    83 | D:1      | Slain by a quokka

Illustrated notes

Levels and vault maps discovered:
D:1:      spicycebolla_green_bress_n_ham_2, layout_rooms, serial_shops, shop,
          minmay_misc_feat_hallway

Action                     || total
---------------------------++-------
  Melee: Unarmed           ||    20
 Armour: Robe              ||     7
  Dodge: Dodged            ||    28

Table legend: (Time is in decaauts)
 A = Elapsed time spent in this place.
 B = Non-inter-level travel time spent in this place.
 C = Inter-level travel time spent in this place.
 D = Time resting spent in this place.
 E = Time spent auto-exploring this place.
 F = Levels seen in this place.
 G = Mean time per level.
                   A        B        C        D        E       F      G
               +--------+--------+--------+--------+--------+-----+--------+
         Total |     81 |     81 |      0 |      0 |     46 |   1 |   81.0 |
       Dungeon |     81 |     81 |      0 |      0 |     46 |   1 |   81.0 |
               +--------+--------+--------+--------+--------+-----+--------+

Top non-repeatable levels by time:
     D:1: 81 daAuts
